cohdb
Replays
Latest Replays
All Replays
Popular Replays
Top Player Replays
Match Explorer
How It Works
Community
CoH3 Stats
Reddit
Sign in to upload your games and track your stats! →
Sign in with Steam
Match 42742917
Unlisted
Match 42742917
Overview
Messages
Build Orders
End
Construct Infanterie Kompanie
Selects Italian Coastal Battlegroup
Selects Coastal Reserves
Selects Coastal Reserves
Coastal Reserve
MG 42 Machine Gun Team
Grenadier Squad
Grenadier Squad
GrW 34 Mortar Team
Construct Luftwaffe Kompanie
Selects Support Bunkers
Flak 30 Anti-aircraft Gun Team
Selects Rapid Fortifications
Rapid Fortifications
Coastal Reserve
MG 42 Bunker
Rapid Fortifications
Support Elements
Medical Bunker
Wirbelwind Flakpanzer
Selects Bulwark
MG 42 Bunker
Rapid Fortifications
Medical Bunker
Construct Panzergrenadier Kompanie
Nebelwerfer 42 Rocket Launcher Team
Selects Artillery Officer
Nebelwerfer 42 Rocket Launcher Team
Construct Panzer Kompanie
Wirbelwind Flakpanzer
Selects Obice da 210/22 Artillery Emplacement
Sturmpanzer IV Brummbär
Jäger Squad
Starscream
爆破w
Krazykasualties
Noch
Tennix
Abeli
NEED HELP
stock726
0
0
Comments
sign in to comment!
No comments posted yet!